 Dungeon Crawl Stone Soup version 0.29.1-1-gd02db69 (webtiles) character file.

Game seed: 16040599956647343296

660 Kel the Chopper (level 7, 0/61 HPs)
             Began as a Gargoyle Berserker on Dec 9, 2022.
             Was a Priest of Trog.
             Slain by a gnoll
             ... wielding a +0 halberd
             ... led by a gnoll sergeant
              (1 damage)
             ... on level 5 of the Dungeon on Dec 10, 2022.
             The game lasted 00:07:19 (5153 turns).

Kel the Chopper (Gargoyle Berserker)                Turns: 5153, Time: 00:07:19

Health: 0/61       AC: 18    Str: 23    XL:     7   Next: 56%
Magic:  7/7        EV: 10    Int:  7    God:    Trog [***...]
Gold:   152        SH:  5    Dex:  9    Spells: 6/6 levels left

rFire   + . .      SeeInvis +   B - +2 flail (holy)
rCold   . . .      Faith    .   (no shield)
rNeg    + + .      Spirit   .   q - +2 scale mail {rF+}
rPois   ∞          Reflect  +   (no helmet)
rElec   +          Harm     .   a - +1 cloak
rCorr   .          Rampage  .   (no gloves)
Will    .....                   w - +2 pair of boots
Stlth   ..........              y - amulet of reflection
HPRegen 0.20/turn               d - ring of positive energy
MPRegen 0.10/turn               p - ring of see invisible

@: berserking (expiring), very quick
A: sickness immunity, AC +4, negative energy resistance 1, electricity
resistance, torment resistance 1, petrification resistance
a: Renounce Religion, Berserk, Trog's Hand


You were on level 5 of the Dungeon.
You worshipped Trog.
Trog was most pleased with you.
You visited 1 branch of the dungeon, and saw 5 of its levels.

You collected 152 gold pieces.

Inventory:

Hand Weapons
 B - a +2 flail of holy wrath (weapon)
Armour
 a - a +1 cloak (worn)
 q - a +2 scale mail of fire resistance (worn)
 w - a +2 pair of boots (worn)
Jewellery
 d - a ring of positive energy (left hand)
 h - a +4 ring of slaying
 p - a ring of see invisible (right hand)
 y - an amulet of reflection (around neck)
Wands
 g - a wand of charming (6)
 u - a wand of polymorph (9)
Scrolls
 c - 3 scrolls of teleportation {unknown}
 j - 2 scrolls of fear {unknown}
 k - 5 scrolls of identify {unknown}
 l - a scroll of immolation {unknown}
 m - a scroll of amnesia {unknown}
 n - 2 scrolls of enchant armour {unknown}
 v - 2 scrolls of poison {unknown}
 x - a scroll of brand weapon {unknown}
Potions
 e - a potion of might {unknown}
 f - 2 potions of heal wounds {unknown}
 i - a potion of invisibility {unknown}
 o - 3 potions of resistance {unknown}
 r - a potion of lignification {unknown}
 s - a potion of haste {unknown}
 t - a potion of magic {unknown}
 z - a potion of attraction {unknown}
 A - a potion of flight {unknown}


   Skills:
 - Level 3.2 Fighting
 + Level 7.8 Axes
 - Level 2.1 Armour
 - Level 1.5 Dodging


You had 6 spell levels left.
You didn't know any spells.
Your spell library was empty.

Dungeon Overview and Level Annotations

Branches:
Dungeon (5/15)             Temple (0/1) D:4

Altars:
Hepliaklqana
Makhleb
Xom

Shops:
D:1 =


Innate Abilities, Weirdness & Mutations

You are immune to sickness and miasma.
Your stone body is resilient. (AC +4)
You are immune to poison.
You resist negative energy. (rN+)
You are resistant to electric shocks. (rElec)
You are resistant to unholy torment.
You are immune to petrification.


Message History

You are too injured to fight recklessly!
You are too injured to fight recklessly!
You are too injured to fight recklessly!
You are too injured to fight recklessly!
The gnoll sergeant barely misses you. The gnoll barely misses you.
The gnoll hits you from afar with a +0 halberd.
The gnoll sergeant hits you but does no damage.
The gnoll barely misses you. The gnoll closely misses you.
The gnoll sergeant hits you from afar with a +0 vorpal spear.
* * * LOW HITPOINT WARNING * * *
The gnoll hits you but does no damage. You block the gnoll's attack.
A red film seems to cover your vision as you go berserk!
You feel yourself moving faster!
You feel mighty!
The gnoll sergeant hits you from afar with a +0 vorpal spear.
* * * LOW HITPOINT WARNING * * *
x2 The gnoll hits you from afar with a +0 halberd.
* * * LOW HITPOINT WARNING * * *
The gnoll hits you but does no damage.
You feel a strong urge to attack something.
You block the gnoll's attack.
The gnoll sergeant hits you with a +0 vorpal spear!
* * * LOW HITPOINT WARNING * * *
x2 The gnoll hits you with a +0 halberd.
* * * LOW HITPOINT WARNING * * *
There is an open door, spattered with blood here.
Items here: ))) †.
You sock the gnoll!
You kill the gnoll!
Trog accepts your kill. The gnoll sergeant closely misses you.
You block the gnoll's attack.
You see here a +0 halberd.
You feel a strong urge to attack something.
You block the gnoll sergeant's attack. The gnoll closely misses you.
You bludgeon the gnoll sergeant!!
The gnoll sergeant is severely wounded.
You block the gnoll sergeant's attack. The gnoll closely misses you.
You hit the gnoll sergeant.
The gnoll sergeant is almost dead.
You block the gnoll sergeant's attack. The gnoll hits you with a +0 halberd.
You die...

#))..........>....#..###.
#'####............'..'.._
#...##...##..###+##..####
########.....)..##..##..###.# ##
##.....##...≈≈≈≈≈≈≈≈≈.#......####
#...........≈##≈≈≈##≈.#..........
#...>..##.÷.≈#######≈.#..........
##.....##...≈≈#..g#≈≈.'..........
#########...≈≈#[@))...#..........
#.......#...≈≈#..g#≈≈##.###..####
#....†..'...≈#######≈##.# #### #
#.......#...≈##≈≈≈##≈...#
#.......#...≈≈≈≈≈≈≈≈≈...#
##.##..###..###..######.#
##########'###'###..####
#..........#...#..#
#..........#...'..#


You could see a gnoll sergeant and a gnoll.

Vanquished Creatures
  A black bear (D:5)
  3 scorpions
  An orc priest (D:4)
  Jessica (D:2)
  Terence (D:2)
  3 iguanas
  11 gnolls
  4 adders
  An ufetubus (D:4)
  3 worms
  A dart slug (D:2)
  10 orcs
  4 bats
  4 endoplasms
  2 giant cockroaches
  8 goblins
  3 hobgoblins
  3 quokkas
  7 ball pythons
  4 frilled lizards
  7 kobolds
  4 rats
86 creatures vanquished.

Notes
Turn   | Place    | Note
-------+----------+-------------------------------------------
     0 | D:1      | Kel the Gargoyle Berserker began the quest for the Orb.
     0 | D:1      | Reached XP level 1. HP: 14/14 MP: 1/1
   118 | D:1      | Reached skill level 3 in Axes
   403 | D:1      | Reached XP level 2. HP: 9/19 MP: 2/2
   590 | D:1      | Found a faded altar of an unknown god.
   671 | D:1      | Found Nokkoh's Jewellery Emporium.
  1302 | D:2      | Noticed Jessica
  1317 | D:2      | Killed Jessica
  1318 | D:2      | Reached skill level 4 in Axes
  1318 | D:2      | Reached XP level 3. HP: 8/23 MP: 3/3
  1319 | D:2      | Reached XP level 4. HP: 10/28 MP: 4/4
  1644 | D:2      | Noticed Terence
  1651 | D:2      | Killed Terence
  1695 | D:2      | Reached ** piety under Trog
  2310 | D:3      | Reached skill level 5 in Axes
  2356 | D:3      | Reached XP level 5. HP: 32/32 MP: 5/5
  2779 | D:3      | Identified the +7 sling of Yxeocw {venom, Stlth+}
  3019 | D:3      | Found a burning altar of Makhleb.
  3019 | D:3      | Found a hazy altar of Hepliaklqana.
  3607 | D:4      | Reached skill level 6 in Axes
  3607 | D:4      | Reached XP level 6. HP: 30/37 MP: 6/6
  4207 | D:4      | Found a staircase to the Ecumenical Temple.
  4579 | D:5      | Entered Level 5 of the Dungeon
  4579 | D:5      | Noticed a black bear
  4594 | D:5      | Killed a black bear
  4765 | D:5      | Reached *** piety under Trog
  4767 | D:5      | Reached skill level 7 in Axes
  4776 | D:5      | Reached XP level 7. HP: 40/41 MP: 7/7
  5072 | D:5      | Found a shimmering altar of Xom.
  5148 | D:5      | HP: 1/61 [gnoll/+0 halberd[a gnoll sergeant] (5)]
  5153 | D:5      | Slain by a gnoll

Illustrated notes

Levels and vault maps discovered:
D:1:      wander_arrival_fairy_ring, layout_basic, serial_shops,
          nicolae_shop_hallway_plus, basic_ecumenical_altar,
          grunt_decor_junction, st_stairs_4
D:2:      layout_basic, serial_park_tiny_pond, uniq_terence, uniq_jessica
D:3:      layout_rooms, gammafunk_temple_overflow_statue, serial_corexii_hall,
          corexii_hall_statues_x, chequers_hall_statues_y
D:4:      layout_gridville, temple_hall
D:5:      layout_gridville, grunt_qazlal_sundering, lemuel_doored_altar,
          lightli_minifort

Skill      XL: |  1  2  3  4  5  6 |
---------------+-------------------+-----
Axes           | 3 4 5 6 7 |  7.8
Fighting       | |  3.2
Armour         | |  2.1
Dodging        | |  1.5

Action                   |  1- 3 |  4- 6 |  7- 9 || total
-------------------------+-------+-------+-------++-------
Melee: Hand axe          |    58 |   237 |    30 ||   325
       Flail             |       |       |    21 ||    21
Invok: Berserk           |     1 |       |     1 ||     2
 Stab: Sleeping          |     1 |       |       ||     1
Armor: Animal skin       |    16 |       |       ||    16
       Ring mail         |    19 |    25 |       ||    44
       Scale mail        |       |    91 |    29 ||   120
Dodge: Dodged            |    31 |   128 |    42 ||   201
Block: Other             |       |     7 |    22 ||    29
